 Dungeon Crawl Stone Soup version 0.25-a0-109-ge9c0e85935 (webtiles) character file.

Game seed: 3150491820343600323, levelgen mode: deterministic

72 vurker the Skirmisher (level 4, 0/37 HPs)
             Began as a Formicid Abyssal Knight on Nov 18, 2019.
             Was a Believer of Lugonu.
             Slain by an ogre
             ... wielding a +0 giant club
              (13 damage)
             ... on level 2 of the Dungeon.
             The game lasted 00:02:28 (1877 turns).

vurker the Skirmisher (Formicid Abyssal Knight)     Turns: 1877, Time: 00:02:28

Health: 0/37       AC: 11    Str: 18    XL:     4   Next: 50%
Magic:  6/6        EV:  7    Int: 11    God:    Lugonu [**....]
Gold:   104        SH:  3    Dex: 10    Spells: 3/3 levels left

rFire    + + .     SeeInvis +   a - +1 hand axe
rCold    . . .     Gourm    .   h - +0 buckler
rNeg     . . .     Faith    .   p - +2 chain mail {rF+}
rPois    .         Spirit   .   (helmet unavailable)
rElec    .         Reflect  .   (no cloak)
rCorr    .         Harm     .   b - +0 pair of gloves
MR       .....                  (no boots)
Stlth    ..........             (no amulet)
HPRegen  0.12/turn              q - ring of fire
MPRegen  0.10/turn              o - ring of protection from cold

@: no status effects
A: permanent stasis, dig shafts and tunnels, four strong arms, antennae 3
a: Dig, Shaft Self, Depart the Abyss, Bend Space, Renounce Religion


You were on level 2 of the Dungeon.
You worshipped Lugonu.
Lugonu was pleased with you.
You were not hungry.

You visited 1 branch of the dungeon, and saw 2 of its levels.
You visited the Abyss 1 time.

You collected 104 gold pieces.

Inventory:

Hand Weapons
 a - a +1 hand axe (weapon)
Armour
 b - a +0 pair of gloves (worn)
   (You found it on level 1 of the Dungeon)
 h - a +0 buckler (worn)
   (You took it off a hobgoblin on level 1 of the Dungeon)
 p - a +2 chain mail of fire resistance (worn)
   (You found it on level 2 of the Dungeon)
Jewellery
 o - a ring of protection from cold (right hand)
   (You found it on level 2 of the Dungeon)
 q - a ring of fire (left hand)
   (You found it on level 2 of the Dungeon)
Scrolls
 c - a scroll of immolation {unknown}
 d - 2 scrolls of blinking {unknown}
 g - a scroll of magic mapping {unknown}
 k - 2 scrolls of identify {unknown}
 l - a scroll of random uselessness {unknown}
 m - a scroll of fog {unknown}
 n - a scroll of noise {unknown}
 r - a scroll of remove curse {unknown}
 s - a scroll of enchant armour {unknown}
 t - a scroll of teleportation {unknown}
Potions
 f - a potion of ambrosia {unknown}
 i - a potion of mutation {unknown}
 j - 2 potions of curing {unknown}
Comestibles
 e - 4 rations
 u - a chunk of flesh


   Skills:
 + Level 3.8 Fighting
 * Level 3.2 Axes
 - Level 2.1 Armour
 - Level 0.8 Dodging
 + Level 1.5 Shields
 + Level 3.0 Invocations


You had 3 spell levels left.
You didn't know any spells.
Your spell library was empty.

Dungeon Overview and Level Annotations

Branches:
Dungeon (2/15)

Altars:
Fedhas


Innate Abilities, Weirdness & Mutations

You cannot be hasted, slowed, berserked, paralysed or teleported.
You can dig through walls and to a lower floor.
Your four strong arms can wield two-handed weapons with a shield.
You have a pair of large antennae on your head. (SInv)


Message History

Your Invocations skill increases to level 3!
You have reached level 4!
You feel stronger.
Found a scroll labeled CIPTEA EBBIATZ.
Things that are here:
a cursed -1 short sword; a +0 chain mail
m - a scroll labeled CIPTEA EBBIATZ
Found 9 gold pieces.
Found a scroll labeled VEVURR IFRAC.
Found an escape hatch in the floor.
You now have 104 gold pieces (gained 9).
t - a scroll labeled VEVURR IFRAC
There is an escape hatch in the floor here.
There is an escape hatch in the floor here.
Found a stone staircase leading down.
Things that are here:
a cursed -1 short sword; a +0 chain mail You see here a +0 leather armour.
You are feeling very hungry.
You enter the shallow water.
Moving in this stuff is going to be slow.
An adder comes into view.
You enter the shallow water.
Moving in this stuff is going to be slow.
The adder bites you but does no damage.
You hit the adder. The adder bites you but does no damage.
You slash the adder! The adder barely misses you.
The adder bites you but does no damage.
You closely miss the adder. The adder barely misses you.
You hit the adder.
You kill the adder!
Lugonu accepts your kill.
No target in view!
You butcher the adder corpse.
u - 2 chunks of flesh You see here an adder skeleton. x2
Eating one of 2 chunks of flesh.
You eat one of the 2 chunks of flesh.
Found a ring mail.
Found 19 sling bullets.
An ogre comes into view. It is wielding a +0 giant club.
The ogre shouts!
An ogre is nearby!
You slash the ogre! The ogre hits you with a +0 giant club!
You hit the ogre. The ogre barely misses you.
You barely miss the ogre. The ogre hits you with a +0 giant club!
* * * LOW HITPOINT WARNING * * *
Okay, then.
Your chain mail prevents you from hitting the ogre.
The ogre hits you with a +0 giant club!
You die...

...................#
.#.................#
.#.................#
.#..........########
.#.###.######
......≈≈.≈.#
.....≈≈≈≈≈.# #########
#....≈≈_≈≈.#####........
..>...≈≈...÷....@O..(...
###.....≈≈..............
#.......^........[....
#.....................
#.....................
#...(....#############
#........# #........#
####.#####


You could see an ogre.

Vanquished Creatures
  Terence (D:2)
  2 adders (D:2)
  A giant cockroach (D:1)
  6 hobgoblins
  A ball python (D:1)
  6 bats (D:1)
  3 frilled lizards
  2 goblins (D:1)
  2 kobolds (D:1)
  10 rats
34 creatures vanquished.

Notes
Turn   | Place    | Note
-------+----------+-------------------------------------------
     0 | Abyss:1  | vurker the Formicid Abyssal Knight began the quest for the
                  | Orb.
     0 | Abyss:1  | Reached XP level 1. HP: 18/18 MP: 2/2
    10 | D:1      | Escaped the Abyss
    98 | D:1      | Reached XP level 2. HP: 10/24 MP: 3/3
   621 | D:1      | Reached ** piety under Lugonu
   768 | D:1      | Reached XP level 3. HP: 28/29 MP: 4/4
   827 | D:1      | You fall into a shaft and drop 1 floor!
   828 | D:2      | Found a blossoming altar of Fedhas.
  1246 | D:1      | Reached skill level 1 in Shields
  1641 | D:2      | Noticed Terence
  1669 | D:2      | Killed Terence
  1669 | D:2      | Reached XP level 4. HP: 29/37 MP: 6/6
  1870 | D:2      | Noticed an ogre
  1877 | D:2      | Slain by an ogre

Levels and vault maps discovered:
D:1:      lightli_arrival_windingriver, layout_basic, serial_bayou_lagoon_a
D:2:      layout_basic, fedhas_altar_2, uniq_terence

Skill      XL: |  1  2  3 |
---------------+----------+-----
Shields        | 1 |  1.5
Axes           | 3 |  3.2
Invocations    | 3 |  3.0
Fighting       | |  3.8
Armour         | |  2.1
Dodging        | |  0.8

Action                   |  1- 3 |  4- 6 || total
-------------------------+-------+-------++-------
Melee: Hand axe          |   110 |     8 ||   118
  Eat: Chunk             |     2 |     1 ||     3
Armor: Leather armour    |    27 |       ||    27
       Chain mail        |    19 |     3 ||    22
Dodge: Dodged            |    59 |     3 ||    62
Block: Buckler           |    13 |       ||    13

Table legend:
 A = Non-vault XP
 B = Vault XP
 C = Vault XP percentage of total XP
 D = Non-vault monster count
 E = Vault monster count
 F = Vault count percentage of total count
                 A         B        C        D         E       F
            +---------+---------+-------+---------+---------+-------
      Total |      68 |      36 |  34.6 |      33 |       1 |   2.9
            +---------+---------+-------+---------+---------+-------
        D:1 |      37 |       0 |   0.0 |      28 |       0 |   0.0
        D:2 |      31 |      36 |  53.7 |       5 |       1 |  16.7
            +---------+---------+-------+---------+---------+-------
